Map: Port Aleksander LE

Players

Lambo - Winner!

  • Race: Zerg Zerg
  • League: Master
  • Spawn Location: 5:00

Neeblet (Neeb)

  • Race: Protoss Protoss
  • League: Master
  • Spawn Location: 11:00

VOD

Have the link to the VOD?

Description

Time

  • Played on: Jan. 27, 2019, 11:54 a.m.
  • Length: 22:03
Show
View Real Time Build Order
Export as new Build Order

Lambo Zerg - Winner!

Build Orders: Hatch First, Brood Lord Corruptor 

Get SALT Encoding   

  12  0:01  Drone  
  13  0:13  Overlord  
  13  0:18  Drone  
  14  0:31  Drone x2  
  16  0:49  Hatchery  
  15  0:52  Drone  
  15  0:56  Drone  
  17  1:00  Drone  
  18  1:10  Extractor  
  17  1:15  Spawning Pool  
  16  1:19  Drone  
  16  1:21  Drone  
  18  1:30  Drone  
  19  1:39  Drone  
  20  1:50  Overlord  
  20  2:02  Queen x2, Zergling x2  
  20  2:04  Zergling x2  
  26  2:12  Metabolic Boost  
  26  2:14  Drone  
  27  2:18  Drone  
  28  2:24  Drone x2  
  30  2:36  Drone x2  
  32  2:47  Hatchery  
  32  2:49  Drone  
  32  2:55  Overlord  
  31  3:00  Drone  
  31  3:03  Drone  
  33  3:07  Queen  
  33  3:08  Drone  
  36  3:15  Drone x2  
  36  3:16  Drone x2  
  36  3:19  Drone  
  40  3:23  Overlord  
  41  3:27  Zergling x4  
  41  3:31  Drone  
  43  3:34  Spore Crawler  
  43  3:37  Spore Crawler  
  43  3:38  Drone x2  
  43  3:44  Queen  
  43  3:45  Drone  
  43  3:48  Drone x2  
  48  3:53  Drone x2  
  50  3:57  Drone  
  50  4:02  Overlord  
  51  4:04  Drone  
  51  4:09  Drone  
  53  4:10  Drone x2  
  53  4:13  Lair  
  53  4:14  Overlord  
  53  4:15  Overlord  
  55  4:19  Overlord  
  55  4:28  Drone x2  
  55  4:29  Roach Warren  
  55  4:30  Drone  
  57  4:32  Drone x2  
  57  4:33  Drone, Extractor  
  57  4:34  Extractor  
  58  4:40  Queen  
  58  4:41  Drone x2  
  61  4:46  Zergling x4  
  61  4:48  Drone  
  61  4:51  Drone  
  61  4:52  Drone x2  
  67  4:53  Evolution Chamber  
  67  4:55  Drone x2  
  68  5:01  Overlord  
  68  5:02  Drone x3  
  68  5:06  Zergling x6  
  73  5:08  Drone  
  74  5:16  Drone  
  74  5:19  Queen  
  74  5:20  Overlord  
  77  5:21  Drone  
  77  5:24  Drone  
  77  5:26  Drone x2  
  82  5:28  Drone  
  82  5:30  Zerg Missile Weapons Level 1  
  82  5:31  Overlord  
  82  5:34  Overlord  
  81  5:39  Queen x2, Spore Crawler x2  
  81  5:42  Extractor, Overlord  
  82  5:43  Extractor  
  82  5:45  Drone x3  
  82  5:47  Drone, Overlord  
  84  5:51  Drone x2  
  84  5:52  Drone x2  
  84  5:54  Drone  
  84  5:56  Drone  
  88  5:58  Drone  
  89  6:05  Spore Crawler  
  89  6:06  Drone x5  
  89  6:10  Queen  
  92  6:13  Drone  
  92  6:15  Drone  
  92  6:16  Drone  
  91  6:22  Extractor  
  91  6:24  Evolution Chamber  
  89  6:26  Drone x3  
  89  6:32  Drone x3  
  95  6:36  Hatchery  
  88  6:49  Hydralisk Den  
  88  6:54  Drone x10  
  93  6:57  Spore Crawler x2  
  93  7:00  Drone, Zerg Melee Weapons Level 1  
  92  7:03  Drone x2  
  92  7:07  Infestation Pit  
  93  7:21  Grooved Spines  
  93  7:24  Baneling Nest  
  92  7:30  Hydralisk  
  92  7:31  Hydralisk x6  
  92  7:36  Extractor  
  105  7:37  Overlord x2  
  105  7:38  Extractor, Overlord  
  105  7:39  Zerg Missile Weapons Level 2  
  105  7:41  Overlord  
  105  7:43  Hive  
  103  7:44  Overlord  
  103  7:45  Spire  
  103  7:49  Overlord  
  102  7:53  Hydralisk x5  
  102  7:57  Hydralisk x2  
  113  8:00  Hydralisk x2  
  117  8:05  Spore Crawler  
  117  8:08  Hydralisk x3  
  117  8:11  Drone x3  
  125  8:13  Drone x2  
  125  8:15  Hydralisk  
  129  8:20  Drone  
  129  8:21  Drone x3  
  129  8:26  Drone x3  
  133  8:29  Centrifical Hooks  
  133  8:32  Muscular Augments  
  133  8:37  Overlord  
  133  8:38  Zergling x12  
  133  8:39  Zergling x4  
  141  8:42  Overseer  
  141  8:45  Overlord  
  141  8:49  Zergling x8  
  141  8:54  Zergling x4  
  146  8:57  Zergling x4  
  146  8:58  Baneling x14  
  146  9:02  Zergling x8  
  152  9:04  Greater Spire  
  152  9:07  Zerg Melee Weapons Level 2  
  152  9:09  Zergling x4  
  154  9:10  Baneling x3  
  154  9:11  Baneling x3  
  154  9:12  Baneling x2  
  154  9:14  Zergling x4  
  156  9:19  Baneling x4  
  156  9:20  Hydralisk, Zergling x2  
  156  9:21  Zergling x4  
  156  9:23  Queen  
  163  9:27  Zergling x8  
  166  9:34  Zergling x16  
  166  9:38  Baneling x4  
  164  9:39  Zergling x6  
  167  9:51  Overlord  
  167  9:52  Overlord  
  167  9:54  Overlord  
  167  9:57  Baneling x7  
  167  10:05  Baneling x11  
  167  10:06  Hydralisk x6  
  164  10:12  Zergling x14  
  172  10:16  Hydralisk x2  
  172  10:18  Zergling x2  
  172  10:19  Zergling x2  
  158  10:26  Hydralisk x3, Zergling x2  
  158  10:27  Zergling x2  
  142  10:38  Zergling x18  
  142  10:42  Zergling x8  
  150  10:51  Corruptor x4  
  150  10:53  Overseer  
  150  10:54  Baneling x5  
  150  10:56  Queen  
  160  11:00  Baneling  
  160  11:01  Baneling x7  
  160  11:02  Corruptor  
  162  11:18  Baneling x5  
  162  11:20  Corruptor x3  
  168  11:33  Zerg Melee Weapons Level 3  
  168  11:35  Adrenal Glands  
  168  11:39  Brood Lord x3  
  174  11:40  Hatchery  
  173  11:50  Zergling x8  
  173  11:51  Zergling x22  
  188  11:55  Brood Lord  
  183  12:19  Brood Lord  
  183  12:20  Brood Lord  
  183  12:21  Brood Lord x2  
  186  12:26  Pneumatized Carapace  
  186  12:33  Extractor, Zerg Flyer Weapons Level 1  
  186  12:34  Extractor  
  184  12:40  Baneling x5  
  184  12:41  Zergling x16  
  184  12:43  Hatchery, Overseer  
  184  12:44  Overlord  
  191  12:47  Overlord  
  191  12:49  Pathogen Glands  
  190  12:58  Overlord  
  190  13:01  Corruptor  
  190  13:02  Corruptor x2  
  185  13:06  Zergling x30  
  183  13:26  Zerg Missile Weapons Level 3  
  175  13:31  Drone x4  
  175  13:34  Spine Crawler  
  178  13:37  Brood Lord x3  
  178  13:39  Baneling x7  
  178  13:40  Corruptor  
  186  13:43  Spine Crawler  
  186  13:44  Spine Crawler  
  186  13:45  Spine Crawler, Infestor  
  186  13:47  Spine Crawler  
  182  13:55  Overlord  
  182  13:57  Corruptor x3  
  183  14:11  Brood Lord  
  183  14:17  Zergling x2  
  183  14:18  Zergling x28  
  183  14:24  Baneling x4  
  193  14:32  Brood Lord x3  
  193  14:33  Overseer  
  193  14:37  Infestor x2  
  197  14:43  Infestor  
  195  14:53  Zergling x8  
  199  15:05  Overseer  
  199  15:06  Spine Crawler x2, Drone x3  
  199  15:07  Spine Crawler  
  199  15:10  Infestor x2  
  199  15:13  Overlord, Overseer  
  200  15:17  Zerg Flyer Weapons Level 2  
  200  15:19  Zerg Ground Armor Level 1  
  198  15:31  Zergling x20  
  198  15:32  Zergling x2  
  192  15:36  Zergling x14  
  188  15:51  Corruptor x2  
  178  16:11  Drone x2  
  178  16:12  Drone, Overlord  
  178  16:13  Extractor, Hatchery  
  178  16:17  Extractor  
  177  16:29  Overlord x2  
  177  16:39  Infestor  
  175  16:40  Infestor x7  
  182  16:50  Infestor x3  
  182  16:53  Zergling x10  
  192  17:17  Hydralisk x4  
  199  17:26  Burrow  
  199  17:28  Overlord  
  199  17:29  Overlord  
  198  17:30  Neural Parasite  
  198  17:33  Zerg Flyer Armor Level 1  
  198  17:35  Overlord  
  197  17:47  Drone x2  
  197  17:48  Overlord  
  197  17:50  Spine Crawler  
  198  18:05  Infestor x3  
  193  18:11  Overlord, Corruptor  
  198  18:14  Overlord  
  198  18:22  Zergling x4  
  200  18:46  Hydralisk  
  194  18:59  Zergling x14  
  194  19:01  Overlord  
  184  19:11  Hydralisk x10  
  192  19:21  Hydralisk x3  
  181  19:31  Hydralisk x3  
  183  19:39  Hydralisk  
  164  19:54  Hydralisk  
  164  19:55  Hydralisk x2  
  154  20:04  Hydralisk  
  144  20:14  Infestor x4  
  144  20:40  Hatchery  
  143  20:58  Infestor x3  
Show
View Real Time Build Order
Export as new Build Order

Neeblet Protoss 

Build Orders: 1 Gate Expand, Oracle Opening, Phoenix Opening, Archon Immortal, Mass Phoenix 

Get SALT Encoding   

  12  0:00  Probe  
  13  0:12  Probe  
  14  0:17  Pylon  
  14  0:24  Probe  
  15  0:32  Probe  
  15  0:38  Gateway  
  15  0:40  Probe  
  16  0:47  Assimilator  
  17  0:51  Probe  
  18  1:03  Probe  
  19  1:15  Probe  
  20  1:25  Nexus  
  20  1:35  Cybernetics Core  
  20  1:38  Probe  
  21  1:46  Assimilator  
  21  1:50  Probe  
  21  1:53  Pylon  
  22  2:01  Adept, Probe  
  23  2:09  Probe  
  26  2:17  Probe  
  27  2:23  Stargate, Adept  
  27  2:28  Probe  
  30  2:37  Probe  
  30  2:40  Probe, Warp Gate  
  32  2:49  Probe  
  33  2:53  Probe  
  33  2:57  Oracle  
  34  3:02  Probe  
  34  3:05  Probe  
  39  3:13  Assimilator  
  39  3:14  Pylon, Probe  
  39  3:15  Assimilator  
  39  3:17  Probe  
  41  3:26  Probe  
  42  3:28  Gateway, Phoenix  
  42  3:29  Probe  
  43  3:38  Probe  
  46  3:42  Probe  
  47  3:49  Pylon  
  47  3:50  Probe  
  47  3:54  Probe  
  49  4:01  Phoenix  
  49  4:02  Probe  
  50  4:04  Stargate  
  50  4:06  Probe  
  53  4:14  Probe  
  54  4:19  Probe  
  54  4:21  Pylon  
  54  4:22  Phoenix  
  55  4:26  Probe  
  55  4:31  Probe  
  59  4:35  Pylon  
  59  4:38  Phoenix  
  59  4:43  Probe  
  60  4:46  Adept, Probe  
  60  4:47  Adept  
  60  4:50  Phoenix  
  69  5:02  Phoenix  
  69  5:03  Pylon  
  71  5:13  Nexus  
  71  5:15  Phoenix  
  73  5:29  Pylon  
  73  5:31  Shield Battery  
  73  5:33  Robotics Facility  
  73  5:34  Robotics Facility  
  73  5:38  Probe x2  
  73  5:42  Phoenix x2  
  77  5:45  Sentry x2  
  83  5:50  Probe  
  83  5:51  Probe  
  85  6:02  Probe  
  84  6:08  Zealot  
  86  6:16  Probe x2  
  86  6:18  Assimilator  
  88  6:19  Assimilator  
  88  6:20  Pylon  
  88  6:22  Forge  
  88  6:23  Sentry, Probe  
  88  6:24  Immortal, Probe, Twilight Council  
  88  6:25  Observer  
  95  6:28  Probe  
  95  6:31  Probe  
  98  6:32  Pylon  
  98  6:33  Probe  
  100  6:40  Probe  
  100  6:42  Probe  
  100  6:44  Probe  
  100  6:45  Immortal, Protoss Ground Weapons Level 1  
  101  6:53  Probe  
  104  6:55  Charge  
  104  6:58  Probe  
  104  7:00  Immortal  
  105  7:04  Probe  
  105  7:07  Templar Archives  
  110  7:23  Gateway x2  
  110  7:25  Gateway  
  110  7:27  Gateway  
  110  7:29  Gateway  
  110  7:37  Psionic Storm  
  110  7:39  Immortal  
  110  7:42  Gateway  
  110  7:44  High Templar x2  
  116  7:45  Gateway  
  116  7:47  Probe x2  
  116  7:50  Probe  
  121  8:00  Immortal  
  125  8:11  Gateway  
  125  8:13  Pylon  
  125  8:14  Pylon  
  125  8:15  Pylon  
  125  8:17  Pylon  
  125  8:19  Pylon  
  125  8:21  Pylon  
  125  8:26  Warp Prism  
  125  8:27  High Templar x2  
  123  8:29  Protoss Ground Weapons Level 2  
  127  8:34  High Templar x2  
  127  8:40  Zealot x5  
  141  8:44  Photon Cannon  
  141  8:52  Nexus  
  141  8:59  Shield Battery  
  141  9:07  High Templar x2, Zealot x7  
  159  9:11  Archon  
  159  9:16  Pylon  
  159  9:23  Immortal  
  159  9:36  Probe  
  159  9:37  High Templar x2, Zealot  
  159  9:38  Zealot x4  
  168  9:41  Archon  
  168  9:44  Shield Battery  
  168  9:45  Photon Cannon  
  168  9:48  Probe x2  
  168  9:49  Assimilator  
  170  9:53  Assimilator  
  170  10:00  Zealot x5  
  125  10:21  Immortal  
  125  10:26  Archon, Immortal  
  125  10:28  Zealot x9  
  113  10:44  Probe  
  113  10:45  Probe  
  113  10:46  Probe x2  
  113  10:48  High Templar x2  
  113  10:49  High Templar x5  
  125  10:54  Immortal  
  125  10:55  Immortal  
  125  10:56  Probe  
  124  10:58  Probe  
  124  11:00  High Templar x2  
  124  11:01  Probe  
  124  11:02  Probe  
  131  11:05  Archon  
  131  11:07  Protoss Ground Weapons Level 3  
  139  11:24  High Templar x2, Zealot x3  
  139  11:25  Zealot x2  
  153  11:27  Observer  
  153  11:30  Archon  
  153  11:31  Nexus  
  153  11:32  Immortal  
  153  11:38  Pylon  
  153  11:39  Blink  
  158  11:51  Immortal  
  162  11:58  Photon Cannon  
  162  12:01  Photon Cannon  
  162  12:03  Zealot x5  
  162  12:05  Assimilator  
  170  12:08  Assimilator  
  164  12:20  High Templar  
  164  12:21  High Templar x3  
  172  12:26  Forge  
  172  12:28  Archon x2  
  172  12:35  Stalker x5  
  182  12:43  Immortal  
  182  12:44  Immortal  
  188  12:53  Protoss Shields Level 1  
  188  12:57  Zealot  
  190  12:59  Zealot x5  
  184  13:06  Zealot x3  
  182  13:18  Probe x2  
  182  13:19  Probe  
  177  13:20  Probe  
  177  13:23  Stalker x6  
  188  13:28  Stalker, High Templar x2  
  194  13:34  Protoss Ground Armor Level 1  
  194  13:39  Archon  
  194  13:44  Photon Cannon  
  194  13:45  Photon Cannon  
  190  13:49  High Templar x4  
  190  13:53  Archon  
  190  13:54  Archon  
  198  13:59  Stalker  
  178  14:10  Zealot x4  
  176  14:27  Stalker x4  
  176  14:28  Stalker  
  176  14:30  Zealot  
  176  14:31  Zealot x3  
  190  14:48  Stargate, Fleet Beacon  
  190  14:50  Stargate  
  180  15:01  Nexus  
  180  15:06  High Templar x4  
  180  15:07  Zealot x5  
  184  15:08  Probe  
  184  15:09  Probe  
  184  15:11  Archon  
  184  15:12  Archon  
  194  15:15  Probe  
  194  15:16  Probe  
  196  15:21  Pylon  
  196  15:26  Observer x2  
  196  15:30  Probe  
  173  15:54  Zealot x9  
  172  16:11  Assimilator  
  172  16:13  Assimilator  
  171  16:36  High Templar x4  
  179  16:43  Tempest x4  
  199  16:48  Photon Cannon  
  199  16:49  Archon, Photon Cannon  
  199  16:50  Archon  
  199  16:51  Probe  
  186  17:23  Photon Cannon x2  
  186  17:25  Photon Cannon  
  182  17:36  Protoss Shields Level 2, Protoss Air Weapons Level 1  
  182  17:37  Protoss Ground Armor Level 2, Tempest x2  
  182  17:44  Tempest  
  164  18:13  High Templar x2  
  164  18:14  High Templar x2, Zealot x5  
  164  18:16  Tempest  
  164  18:18  Archon x2  
  183  18:38  Zealot x2  
  183  18:39  Zealot x2  
  183  18:40  Zealot  
  175  18:57  Stalker x4  
  149  19:08  Stalker  
  149  19:09  Stalker x4  
  122  19:25  Observer  
  121  19:32  Observer  
  121  19:33  Nexus, Observer  
  121  19:37  Stalker x6  
  133  19:49  Pylon  
  124  20:10  Nexus  
  124  20:13  Observer  
  113  20:34  Nexus  
  113  20:35  Stalker  
  113  20:36  Stalker x5  
  125  21:02  Stalker x3  
  125  21:03  Zealot x2  
  135  21:07  Nexus  
  135  21:09  Zealot  
  106  21:49  Zealot x4  
  106  21:50  Zealot x2  
Tags
 
Add a new tag
Caveats
  • Supply blocks, unpowered buildings, or Contaminate may cause inaccurate times.
  • Supply counts are checked every 10 seconds.